 Dungeon Crawl Stone Soup version 0.29.0-11-gd7f09526c8 (webtiles) character file.

Game seed: 3436747315794288589

6692 ImASeal the Thaumaturge (level 11, -4/73 HPs)
             Began as a Djinni Fire Elementalist on Sept 5, 2022.
             Was a Follower of Makhleb.
             Slain by a wyvern (6 damage)
             ... on level 10 of the Dungeon.
             The game lasted 00:40:23 (9773 turns).

ImASeal the Thaumaturge (Djinni Fire Elementalist)  Turns: 9773, Time: 00:40:23

Health: -4/73      AC:  6    Str:  7    XL:     11   Next: 23%
Gold:   506        EV: 11    Int: 26    God:    Makhleb [*.....] SH:  0 Dex: 15

rFire   + + +      SeeInvis +   K - +9 lance "Wyrmbane" {slay drac, rPois rF+ rC+ AC+3}
rCold   x . .      Faith    .   (no shield)
rNeg    . . .      Spirit   .   B - +0 troll leather armour {Pargi}
rPois   ∞          Reflect  .   (helmet restricted)
rElec   .          Harm     .   u - +0 cloak
rCorr   .          Rampage  .   (no gloves)
Will    +....                   (boots unavailable)
Stlth   ++........              (no amulet)
HPRegen 1.02/turn               k - +6 ring of intelligence
MPRegen 0.00/turn               t - ring of fire

@: flying, slowed, very slow
A: sickness immunity, fire resistance 2, cold vulnerability 1, float, innate
caster, HP casting, extra vitality 1, antennae 1, see invisible, deformed body,
inability to read after injury 1
a: Renounce Religion


You were on level 10 of the Dungeon.
You worshipped Makhleb.
Makhleb was aware of your devotion.
You visited 2 branches of the dungeon, and saw 11 of its levels.
You also visited: Sewer.

You collected 506 gold pieces.

Inventory:

Hand Weapons
 j - a +2 vampiric spear
 K - the +9 lance "Wyrmbane" (weapon) {slay drac, rPois rF+ rC+ AC+3}
   (You took it off Maggie on level 7 of the Dungeon)

   It inflicts extra damage against dragons and draconians.
   AC:        It affects your AC (+3).
   rF:        It protects you from fire.
   rC:        It protects you from cold.
   rPois:     It protects you from poison.
 S - a +0 dagger of chaos
Missiles
 l - 3 atropa-tipped darts (quivered)
 z - a throwing net
Armour
 u - a +0 cloak (worn)
 B - a +0 troll leather armour (worn) {Pargi}
 G - a +2 robe of fire resistance
 L - +0 steam dragon scales
Jewellery
 i - a +6 ring of dexterity
 k - a +6 ring of intelligence (left hand)
 m - a +6 ring of strength
 o - a ring of protection from cold
 t - a ring of fire (right hand)
 A - a ring of wizardry
 F - a +6 ring of dexterity
 H - an amulet of reflection
 N - a ring of wizardry
Wands
 I - a wand of flame (14)
 J - a wand of paralysis (8)
Scrolls
 b - a scroll of butterflies
 f - 5 scrolls of identify
 h - 3 scrolls of amnesia
 n - 3 scrolls of noise
 p - 3 scrolls of immolation {unknown}
 r - 2 scrolls of summoning {unknown}
 s - 3 scrolls of teleportation {unknown}
 x - a scroll of enchant weapon
 y - a scroll of brand weapon {unknown}
 P - a scroll of blinking {unknown}
 Q - a scroll of magic mapping {unknown}
 T - a scroll of enchant armour {unknown}
Potions
 a - 2 potions of attraction {unknown}
 c - 2 potions of might
 d - 2 potions of resistance {unknown}
 q - 3 potions of berserk rage {unknown}
 v - a potion of mutation
 w - 3 potions of degeneration {unknown}
 C - a potion of invisibility {unknown}
 D - 2 potions of heal wounds {unknown}
 E - 2 potions of haste {unknown}
 M - 2 potions of flight {unknown}
 O - 2 potions of magic {unknown}
 R - a potion of lignification {unknown}


   Skills:
 + Level 4.0 Fighting
 + Level 2.3 Polearms
 - Level 2.1 Dodging
 - Level 1.5 Stealth
 + Level 12.2 Spellcasting
 + Level 1.2 Evocations


You had 6 spell levels left.
You knew the following spells:

 Your Spells              Type           Power      Damage    Failure   Level
a - Foxfire               Conj/Fire      100%       2x1d9     1%          1
b - Scorch                Fire           100%       2d10      1%          2
c - Conjure Flame         Conj/Fire      87%        6-21      1%          3
d - Inner Flame           Hex/Fire       87%        N/A       1%          3
e - Flame Wave            Conj/Fire      87%        2d19      1%          4
f - Sting                 Tmut/Pois      100%       1d8       1%          1
g - Passwall              Tmut/Erth      56%        N/A       1%          2
h - Vampiric Draining     Necr           68%        2d10      1%          3
i - Fulminant Prism       Conj/Hex       34%        3d16      1%          4
j - Lightning Bolt        Conj/Air       34%        1d51      1%          5
Your spell library was empty.

Dungeon Overview and Level Annotations

Branches:
Dungeon (10/15)            Temple (1/1) D:7           Sewer (visited)
   Lair: D:8-11         Orc: D:9-12

Altars:
Ashenzari
Cheibriados
Dithmenos
Elyvilon
Fedhas
Gozag
Hepliaklqana
Makhleb
Nemelex Xobeh
Okawaru
Qazlal
Ru
Trog
Uskayaw
Wu Jian
Xom
Yredelemnul
The Shining One

Annotations:
D:10 Josephine


Innate Abilities, Weirdness & Mutations

You are immune to sickness and miasma.
You are immune to poison.
Your flesh is very heat resistant. (rF++)
You are vulnerable to cold. (rC-)
You float through the air rather than walking.
You learn spells naturally, not from books.
Your magical power is your life essence.
You have superior vitality. (+4 MHP)
You have a pair of small antennae on your head.
You have supernaturally acute eyesight. (SInv)
Armour fits poorly on your strangely shaped body.
You occasionally lose the ability to read scrolls when taking damage.


Message History

* * * LOW HITPOINT WARNING * * *
The wraith hits you.
* * * LOW HITPOINT WARNING * * *
The wraith drains your vigour!
You feel as though you will be slow longer.
Josephine hits you with a +0 dagger.
* * * LOW HITPOINT WARNING * * *
You feel better.
Josephine is no longer more vulnerable to fire.
The foxfire hits Josephine!
Josephine is heavily wounded.
The foxfire hits Josephine.
Josephine is severely wounded.
The wraith closely misses you. Josephine barely misses you.
Casting: Foxfire (safe; 1% risk of failure)
Confirm with . or Enter, or press ? or * to list all spells.
Casting: Flame Wave (safe; 1% risk of failure)
Press: ? - help, Dir - look around, f - activate You feel a surge of power!
A wave of flame ripples out!
The flame wave engulfs the wraith!!
The wraith is burned terribly!
You destroy the wraith!
Makhleb accepts your kill.
The flame wave engulfs Josephine!!
Josephine is almost dead. (Press . to intensify the flame waves.)
* * * LOW HITPOINT WARNING * * *
Josephine completely misses you. The wyvern misses you.
Josephine hits you with a +0 dagger!
* * * LOW HITPOINT WARNING * * *
Your life force feels restored.
Your Fighting skill increases to level 4!
Casting: Flame Wave (safe; 1% risk of failure)
Confirm with . or Enter, or press ? or * to list all spells.
You don't have enough health to cast this spell.
You hit Josephine.
Josephine is almost dead.
The wyvern bites you.
* * * LOW HITPOINT WARNING * * *
The wyvern bites you.
You die...

### ##...
############..###
##.....#.........
####...l..[.......#
.......@@.........+
#####.#####.......#####
.. #...........## @W#
#.....<....... #.
#........##### #
#......### #.......##
#.#..#### #.#..#


You could see Josephine and a wyvern.

Vanquished Creatures
  Psyche (D:9)
  Maggie (D:7)
  A hornet (D:7)
  Prince Ribbit (D:8)
  A wyvern (D:9)
  2 wraiths (D:10)
  16 yaks (D:9)
  A steam dragon (D:9)
  An acid dragon (D:9)
  2 water moccasins
  A sky beast (D:8)
  3 black bears
  Pargi (Sewer)
  An ice beast (D:6)
  2 orc warriors
  The ghost of brob1 the Chopper, an amateur MiBe of Trog (D:3)
  2 ogres
  2 bullfrogs
  Blork the orc (D:5)
  A gnoll sergeant (D:9)
  2 scorpions
  3 wights (D:7)
  3 killer bees (D:8)
  A howler monkey (D:4)
  2 jellies
  A hound (D:6)
  4 orc priests
  3 iguanas
  12 orc wizards
  13 adders
  3 gnolls (D:9)
  A shadow imp (D:5)
  2 ufetubi
  2 worms
  2 dart slugs
  26 orcs
  4 endoplasms
  3 giant cockroaches (D:3)
  5 hobgoblins
  4 jackals (D:2)
  9 kobolds
  A quokka (D:2)
  3 ball pythons
  6 bats
  8 frilled lizards
  8 goblins
  3 rats
176 creatures vanquished.

Vanquished Creatures (others)
  739 foxfires
  3 fulminant prisms (D:10)
742 creatures vanquished.

Grand Total: 918 creatures vanquished

Notes
Turn   | Place    | Note
-------+----------+-------------------------------------------
     0 | D:1      | ImASeal the Djinni Fire Elementalist began the quest for
                  | the Orb.
     0 | D:1      | ImASeal set off with the following spells memorised:
                  | Foxfire, Scorch, Conjure Flame, Inner Flame, Flame Wave.
     0 | D:1      | Reached XP level 1. HP: 15/15 MP: 0/0
   561 | D:1      | Found a faded altar of an unknown god.
   580 | D:1      | Reached XP level 2. HP: 19/21 MP: 0/0
   747 | D:1      | Reached skill level 3 in Spellcasting
  1454 | D:2      | Reached XP level 3. HP: 20/26 MP: 0/0
  1454 | D:2      | Learned a level 1 spell: Sting
  2058 | D:2      | Reached XP level 4. HP: 28/31 MP: 0/0
  2643 | D:3      | Reached skill level 4 in Spellcasting
  2643 | D:3      | Reached XP level 5. HP: 11/36 MP: 0/0
  2643 | D:3      | Learned a level 2 spell: Passwall
  3218 | D:3      | Found a large runed translucent door.
  3218 | D:3      | Found a large runed translucent door.
  3225 | D:3      | Noticed brob1's ghost (amateur MiBe)
  4130 | D:4      | Reached XP level 6. HP: 31/41 MP: 0/0
  4377 | D:4      | Reached skill level 1 in Fighting
  4621 | D:4      | Reached skill level 5 in Spellcasting
  4744 | D:4      | Found a glowing drain.
  4760 | Sewer    | Entered a sewer
  4830 | Sewer    | Noticed Pargi
  4835 | Sewer    | Killed Pargi
  5042 | Sewer    | Reached XP level 7. HP: 47/47 MP: 0/0
  5042 | Sewer    | Learned a level 3 spell: Vampiric Draining
  5254 | D:3      | Killed brob1's ghost
  5344 | D:5      | Entered Level 5 of the Dungeon
  5468 | D:5      | Reached skill level 6 in Spellcasting
  5662 | D:5      | Noticed Blork the orc
  5675 | D:5      | Killed Blork the orc
  5732 | D:5      | Reached XP level 8. HP: 35/54 MP: 0/0
  6202 | D:5      | Gained mutation: Your muscles are strong. (Str +4, Int/Dex
                  | -1) [potion of mutation]
  6202 | D:5      | Gained mutation: You are frail. (-10% HP) [potion of
                  | mutation]
  6202 | D:5      | Gained mutation: Your mind is acute. (Int +4, Str/Dex -1)
                  | [potion of mutation]
  6203 | D:5      | Lost mutation: Your mind is acute. (Int +4, Str/Dex -1)
                  | [potion of mutation]
  6203 | D:5      | Lost mutation: Your muscles are strong. (Str +4, Int/Dex
                  | -1) [potion of mutation]
  6203 | D:5      | Lost mutation: You are frail. (-10% HP) [potion of
                  | mutation]
  6203 | D:5      | Gained mutation: You have a pair of small horns on your
                  | head. [potion of mutation]
  6203 | D:5      | Gained mutation: Your body sometimes deteriorates upon
                  | taking damage. [potion of mutation]
  6203 | D:5      | Gained mutation: Armour fits poorly on your strangely
                  | shaped body. [potion of mutation]
  6204 | D:5      | Lost mutation: You have a pair of small horns on your head.
                  | [potion of mutation]
  6204 | D:5      | Lost mutation: Your body sometimes deteriorates upon taking
                  | damage. [potion of mutation]
  6204 | D:5      | Gained mutation: You have a pair of small antennae on your
                  | head. [potion of mutation]
  6204 | D:5      | Gained mutation: You occasionally lose the ability to read
                  | scrolls when taking damage. [potion of mutation]
  6204 | D:5      | Gained mutation: You have supernaturally acute eyesight.
                  | (SInv) [potion of mutation]
  6317 | D:6      | Reached skill level 7 in Spellcasting
  6666 | D:6      | Identified the +3 chain mail of Meokyc {Harm}
  6789 | D:6      | HP: 1/55 [ice beast (7)]
  6808 | D:6      | Reached skill level 8 in Spellcasting
  7044 | D:7      | Noticed Maggie
  7078 | D:7      | Killed Maggie
  7079 | D:7      | Reached XP level 9. HP: 48/59 MP: 0/0
  7079 | D:7      | Learned a level 4 spell: Fulminant Prism
  7113 | D:7      | Reached skill level 9 in Spellcasting
  7379 | D:7      | Noticed a hornet
  7387 | D:7      | Killed a hornet
  7400 | D:7      | Found a basalt altar of Yredelemnul.
  7551 | D:7      | Identified the +1 scale mail "Alobb" {Harm *Corrode Int+7
                  | Slay+2}
  7676 | D:7      | Found a hazy altar of Hepliaklqana.
  7719 | D:7      | Found a staircase to the Ecumenical Temple.
  7725 | Temple   | Entered the Ecumenical Temple
  7732 | Temple   | Became a worshipper of Makhleb the Destroyer
  8039 | D:8      | Reached XP level 10. HP: 19/67 MP: 0/0
  8042 | D:8      | Reached skill level 10 in Spellcasting
  8125 | D:8      | Reached skill level 1 in Evocations
  8281 | D:8      | Noticed Prince Ribbit
  8291 | D:8      | Killed Prince Ribbit
  8422 | D:8      | Found a blossoming altar of Fedhas.
  8728 | D:9      | Reached skill level 1 in Polearms
  8773 | D:9      | Reached * piety under Makhleb
  9016 | D:9      | Noticed Psyche
  9020 | D:9      | Killed Psyche
  9021 | D:9      | Reached skill level 11 in Spellcasting
  9285 | D:9      | Reached XP level 11. HP: 71/72 MP: 0/0
  9285 | D:9      | Learned a level 5 spell: Lightning Bolt
  9436 | D:9      | Reached skill level 12 in Spellcasting
  9575 | D:10     | Entered Level 10 of the Dungeon
  9625 | D:10     | Noticed a two-headed ogre
  9757 | D:10     | Noticed Josephine
  9773 | D:10     | HP: 2/73 [wyvern (4)]
  9773 | D:10     | Slain by a wyvern

Illustrated notes

Levels and vault maps discovered:
D:1:      dpeg_arrival_circle_labyrinth_c, layout_basic,
          ebering_ecumenical_altar_hall
D:2:      layout_loops_cross
D:3:      layout_basic, ebering_ghost_disaster_area
D:4:      layout_cave_pools, cheibrodos_sewer_entry_bend
D:5:      layout_basic, uniq_blork_the_orc
D:6:      layout_loops_cross
D:7:      layout_cave_pools, nzn_hepliaklqana_mist_gate,
          mainiacjoe_overflow_paths, minmay_temple_entry_fiery, uniq_maggie
D:8:      layout_loops_ring, fedhas_altar_fruit_tree, uniq_prince_ribbit1
D:9:      layout_irregular_city, uniq_psyche
D:10:     minmay_the_grid_net [minmay_the_grid_zigzag_pyramid,
          minmay_the_grid_rooms, minmay_the_grid_aliased_spiral,
          minmay_the_grid_stretched_grid, minmay_the_grid_mess,
          minmay_the_grid_prize_inner_circle], layout_rooms,
          mainiacjoe_overflow_surrounded_room, nicolae_trove_entry_crystal,
          hangedman_abyss_or_decor_lesser_grid, amcnicky_mini_pool_small, pond,
          uniq_josephine, uniq_fannar
Temple:   nicolae_temple_no_exploring_needed

Skill      XL: |  1  2  3  4  5  6  7  8  9 10 11 |
---------------+----------------------------------+-----
Spellcasting   | 3 4 5 6 8 9 11 12 | 12.2
Fighting       | 1 2 3 4 |  4.0
Evocations     | 1 |  1.2
Polearms       | 2 |  2.3
Dodging        | |  2.1
Stealth        | |  1.5

Action                   |  1- 3 |  4- 6 |  7- 9 | 10-12 || total
-------------------------+-------+-------+-------+-------++-------
Melee: Unarmed           |     1 |       |       |       ||     1
       Hand axe          |       |    27 |    58 |       ||    85
       Lance             |       |       |    17 |    19 ||    36
 Cast: Foxfire           |    73 |    90 |   179 |   107 ||   449
       Scorch            |       |     4 |    29 |    62 ||    95
       Passwall          |       |       |     1 |     1 ||     2
       Inner Flame       |       |       |     3 |     1 ||     4
       Fulminant Prism   |       |       |       |     3 ||     3
       Vampiric Draining |       |       |       |     1 ||     1
       Flame Wave        |       |       |       |     1 ||     1
Evoke: Wand              |       |       |     2 |       ||     2
  Use: Scroll            |       |       |     6 |     2 ||     8
       Potion            |       |       |     4 |     2 ||     6
 Stab: Sleeping          |       |     2 |       |       ||     2
Armor: Robe              |     1 |     5 |       |       ||     6
       Troll leather arm |       |     1 |    27 |     7 ||    35
Dodge: Dodged            |     5 |    34 |    62 |    44 ||   145
